AoeStats
← _vishi_

Nomad

510089876Analyzed
3v3 RM · 2d ago on Sep 29, 2026· 54m 43s· 6 players
Game mode
Random Map
Map size
210×210
Population
200
Speed
Normal
Resources
Standard
Victory
Conquest
Starting age
Dark Age
Ending age
Imperial Age
RankedLock teamsTeams togetherTeam positionsShared explorationLock speedFull tech treeHidden civsTurbo modeCheats
Victory
Defeat
🇬🇧 Koreans · United Kingdom
1403
+12
🇮🇳 Hindustanis · India
1377
+13
🇦🇺 Chinese · Australia
1325
+15
🇹🇼 Italians · Taiwan
1315
-14
🇹🇼 Vietnamese · Taiwan
1312
-13
🇹🇼 Persians · Taiwan
1301
-13
_vishi_
12:27 Feudal Age
13:49 Loom
16:30 Castle Age
16:28 Double-Bit Axe
17:59 Wheelbarrow
18:29 Bow Saw
21:17 Scale Mail Armor
23:24 Horse Collar
25:52 Chain Mail Armor
29:43 Hand Cart
34:26 Imperial Age
32:27 Forging
32:44 Squires
32:29 Arson
33:52 Heavy Plow
34:38 Iron Casting
35:43 Elite Ghulam
40:16 Ballistics
41:46 Chemistry
44:15 Conscription
43:38 Heavy Camel Rider
44:19 Husbandry
44:29 Bloodlines
45:15 Scale Barding Armor
46:11 Blast Furnace
45:50 Gold Mining
46:00 Imperial Camel Rider
47:20 Chain Barding Armor
48:08 Two-Man Saw
49:11 Plate Barding Armor
50:36 Gold Shaft Mining
49:51 Stone Mining
50:07 Fletching
50:17 Padded Archer Armor
50:25 Siege Engineers
50:30 Masonry
49:53 Light Cavalry
51:14 Hussar
53:32 Stone Shaft Mining
sneaky
4:34 Loom
12:55 Feudal Age
17:20 Castle Age
17:03 Double-Bit Axe
17:01 Horse Collar
25:16 Bow Saw
25:08 Heavy Plow
26:34 Fletching
28:10 Bodkin Arrow
31:41 Ballistics
34:55 Imperial Age
32:28 Stone Mining
34:05 Wheelbarrow
33:16 Town Watch
35:45 Hand Cart
35:31 Town Patrol
36:36 Chemistry
35:23 Arrowslits
37:41 Two-Man Saw
37:50 Treadmill Crane
38:07 Murder Holes
42:29 Bracer
46:05 Eupseong
46:31 Conscription
48:16 Gold Mining
50:47 Fortified Wall
50:48 Masonry
51:32 Stone Shaft Mining
51:36 Gold Shaft Mining
51:55 Caravan
Prottardo
3:03 Loom
14:24 Feudal Age
16:16 Double-Bit Axe
22:40 Castle Age
20:50 Fishing Lines
27:22 Medium Warships
27:43 Fletching
28:11 Bow Saw
30:49 Bodkin Arrow
32:09 Wheelbarrow
38:21 Imperial Age
38:52 Ballistics
41:12 Bracer
40:33 Crossbowman
41:22 Arbalester
42:05 Padded Archer Armor
43:22 Leather Archer Armor
44:48 Ring Archer Armor
45:35 Hand Cart
46:31 Chemistry
46:25 Thumb Ring
54:08 Shipwright
linwei81916
13:07 Feudal Age
13:38 Double-Bit Axe
15:17 Loom
17:33 Fletching
17:37 Gold Mining
20:58 Castle Age
21:01 Crossbowman
21:47 Thumb Ring
22:15 Bow Saw
24:10 Bodkin Arrow
28:29 Padded Archer Armor
31:08 Leather Archer Armor
31:34 Ballistics
31:57 Wheelbarrow
32:25 Stone Mining
40:19 Imperial Age
40:19 Hand Cart
41:05 Bracer
41:07 Arbalester
46:30 Elite Skirmisher
47:03 Horse Collar
48:26 Two-Man Saw
51:18 Chemistry
gn02128453
4:02 Loom
16:55 Feudal Age
23:06 Castle Age
21:01 Stone Mining
21:18 Fishing Lines
22:55 Double-Bit Axe
26:03 Gillnets
29:59 Fletching
40:34 Bow Saw
49:33 Imperial Age
49:36 Light Cavalry
50:27 Bloodlines
52:51 Husbandry
53:40 Scale Barding Armor
53:45 Forging
Sycamore
5:16 Loom
12:23 Feudal Age
13:27 Double-Bit Axe
18:36 Wheelbarrow
20:22 Castle Age
21:12 Fishing Lines
23:03 Bow Saw
23:21 Hand Cart
25:39 Gillnets
26:04 Medium Warships
34:40 Imperial Age
32:06 Stone Mining
32:48 Gold Mining
33:11 Scale Mail Armor
33:21 Forging
32:57 Horse Collar
33:52 Heavy Plow
34:15 Squires
34:01 Arson
34:33 Chain Mail Armor
35:16 Iron Casting
36:41 Plate Mail Armor
38:15 Blast Furnace
37:47 Conscription
39:40 Stone Shaft Mining
42:09 Capped Ram
48:51 Pikeman
52:01 Crop Rotation
Connection lost

Rejoining the realm…

Still unreachable

The connection could not be restored.

Session expired

The server has moved on; the page needs a fresh start.